 Dungeon Crawl Stone Soup version 0.17-a0-1646-geb1493d (webtiles) character file.

77 Razzik the Conjurer (level 4, -4/27 HPs)
             Began as a High Elf Conjurer on Aug 10, 2015.
             Slain by a hobgoblin
             ... wielding a +0 club
              (8 damage)
             ... on level 3 of the Dungeon.
             The game lasted 00:24:28 (2316 turns).

Razzik the Conjurer (High Elf Conjurer)             Turns: 2316, Time: 00:24:28

Health: -4/27      AC: -2    Str:  7    XL:     4   Next: 14%
Magic:  3/10       EV: 13    Int: 19    God:
Gold:   88         SH:  0    Dex: 16    Spells: 3 memorised, 2 levels left

rFire  . . .     SeeInvis .     C - +0 short sword (elec)
rCold  . . .     Clarity  .     a - +0 robe
rNeg   . . .     SustAt   .     (no shield)
rPois  .         Gourm    .     (no helmet)
rElec  .         Spirit   .     (no cloak)
rCorr  +         Warding  .     (no gloves)
rMut   .         Stasis   .     (no boots)
MR     .....                    e - amulet of resist corrosion
Stlth  ++........               (no ring)
                                x - -4 ring of protection

@: very slightly contaminated, not resistant to hostile enchantments, unstealthy
A: no striking features
a: no special abilities


You were on level 3 of the Dungeon.
You were not hungry.

You visited 1 branch of the dungeon, and saw 3 of its levels.

You collected 88 gold pieces.

Inventory:

Hand weapons
 f - a +0 club
 j - a +0 club
 m - a +0 hand axe
 n - a +0 club
 o - a +0 dagger
 q - a cursed -3 club
 r - a +0 spear
 s - a +0 short sword
 v - a +1 hunting sling
 C - a +0 short sword of electrocution (weapon)
 D - a +0 whip
 G - a +0 rapier
 H - a +0 club
 J - a +0 club
Missiles
 l - 47 bolts
 w - 28 stones (quivered)
 E - 4 sling bullets of frost
Armour
 a - a +0 robe (worn)
 u - a +0 chain mail
 y - a +0 leather armour
 K - a +0 plate armour
Jewellery
 e - an amulet of resist corrosion (around neck)
 x - a -4 ring of protection (left hand)
Scrolls
 g - 2 scrolls of amnesia
 k - a scroll of magic mapping {unknown}
 p - a scroll of recharging {unknown}
 I - a scroll of identify {unknown}
Potions
 d - a potion of magic {unknown}
 h - 5 potions of curing
 t - a potion of degeneration {unknown}
 z - a potion of cancellation {unknown}
 F - a potion of agility {unknown}
Books
 b - a book of Conjurations

   Spells                             Type                      Level
   a - Magic Dart                     Conjuration                  1
   b - Searing Ray                    Conjuration                  2
   c - Dazzling Spray                 Conjuration/Hexes            3
   d - Fulminant Prism                Conjuration/Hexes            4
   e - Iskenderun's Mystic Blast      Conjuration                  4
   f - Iskenderun's Battlesphere      Conjuration/Charms           5
Comestibles
 c - a bread ration
 i - 4 meat rations
 A - a chunk of flesh


   Skills:
 - Level 2.1 Dodging
 - Level 2.1 Stealth
 + Level 3.3 Spellcasting
 * Level 5.7 Conjurations


You had 2 spell levels left.
You knew the following spells:

 Your Spells              Type           Power        Failure   Level  Hunger
a - Magic Dart            Conj           ####         1%          1    None
b - Searing Ray           Conj           ####..       1%          2    ##.....
c - Fulminant Prism       Conj/Hex       ##........   50%         4    ####...


Dungeon Overview and Level Annotations

Branches:
Dungeon (3/15)

Altars:
The Shining One


Message History

You are very lightly contaminated with residual magic.
Your skin tingles.
The hobgoblin hits you with a club.
Casting: Fulminant Prism
Confirm with . or Enter, or press ? or * to list all spells.
You don't have enough magic to cast that spell.
You see here a hobgoblin corpse.
You barely miss the rat. The hobgoblin barely misses you. The rat bites you.
You barely miss the rat. The hobgoblin hits you with a club.
The rat closely misses you.
You barely miss the rat. The hobgoblin closely misses you.
The rat closely misses you. The hobgoblin hits you with a club!
* * * LOW HITPOINT WARNING * * *
Read which item? (? for menu, Esc to quit)
As you read the scroll labeled NOUL GONEOTE DIG, it crumbles to dust.
You feel as if something is helping you.
It was a scroll of remove curse.
The rat bites you.
* * * LOW HITPOINT WARNING * * *
The hobgoblin hits you with a club!
You die...

.... ..... ## ...# #.
.#..# ##.##...##### .
...........# ...
#.........# ....
#@r.......###
.....###gg..........
......†.........#####
....................#
.....##..##.#..####.#
.### #.###.........#
#..# ####..##....
...## ##..# .. #.##
##.###


You could see 2 hobgoblins and a rat.

Vanquished Creatures
  2 adders (D:2)
  4 worms (D:2)
  2 giant geckos
  4 giant cockroaches
  6 goblins
  5 hobgoblins
  A quokka (D:3)
  A ball python (D:1)
  7 bats
  5 giant newts
  3 jackals (D:2)
  4 kobolds
  4 rats
48 creatures vanquished.

Vanquished Creatures (others)
  A fulminant prism (D:3)
1 creature vanquished.

Grand Total: 49 creatures vanquished

Notes
Turn   | Place    | Note
--------------------------------------------------------------
     0 | D:1      | Razzik the High Elf Conjurer began the quest for the Orb.
     0 | D:1      | Reached XP level 1. HP: 11/11 MP: 4/4
   356 | D:1      | Reached XP level 2. HP: 17/17 MP: 4/6
   730 | D:1      | Reached skill level 5 in Conjurations
  1021 | D:1      | Learned a level 2 spell: Searing Ray
  1223 | D:2      | Reached XP level 3. HP: 21/21 MP: 6/8
  1792 | D:2      | Found a glowing golden altar of the Shining One.
  2055 | D:2      | Reached XP level 4. HP: 27/27 MP: 2/9
  2273 | D:3      | Learned a level 4 spell: Fulminant Prism
  2316 | D:3      | Slain by a hobgoblin

Vault maps used:
D:1:      lemuel_arrival_rhombus, minmay_cut_off
D:2:      tso_metal_star

Action                   |  1- 3 |  4- 6 || total
-------------------------+-------+-------++-------
Melee: Short sword       |     5 |     3 ||     8
 Fire: Hunting sling     |     6 |       ||     6
 Cast: Magic Dart        |    70 |    12 ||    82
       Searing Ray       |    18 |       ||    18
       Fulminant Prism   |       |     1 ||     1
  Use: Scroll            |     3 |     1 ||     4
       Potion            |     1 |       ||     1
  Eat: Chunk             |     4 |     1 ||     5
